 Dungeon Crawl Stone Soup version 0.23.2-33-g5129a83184 (webtiles) character file.

Game seed: 3695468084393676593

5579 Kold the Martial Artist (level 10, -9/62 (63) HPs)
             Began as an Octopode Transmuter on July 31, 2019.
             Was a Priest of Cheibriados.
             Killed by divine providence
             ... invoked by an orc priest
              (11 damage)
             ... on level 9 of the Dungeon.
             The game lasted 00:26:03 (14271 turns).

Kold the Martial Artist (Octopode Transmuter)      Turns: 14271, Time: 00:26:03

HP:   -9/62 (63)    AC:  2    Str: 19    XL:     10   Next: 72%
MP:   14/15         EV: 30    Int: 22    God:    Cheibriados [***...]
Gold: 446           SH:  0    Dex: 24    Spells: 7/16 levels left

rFire    . . .     SeeInvis .     - Unarmed
rCold    . . .     Gourm    .   (shield currently unavailable)
rNeg     . . .     Faith    .   (helmet currently unavailable)
rPois    x         Spirit   .   (no amulet)
rElec    .         Reflect  .   p - ring of wizardry
rCorr    .         Harm     .   (no ring)
MR       .....                  (no ring)
Stlth    +++.......             (no ring)
HPRegen  0.20/turn              (no ring)
MPRegen  0.14/turn              (no ring)
                                (no ring)
                                (no ring)

@: lethally poisoned (-9 -> -14), spider-form, very slightly contaminated,
invisible, very slow
A: tiny, almost no armour, stealthy swim, (amphibious), 8 rings, (constrict 8),
clumsy 1, mutation resistance 1
a: End Transformation, Bend Time, Temporal Distortion, Renounce Religion


You were on level 9 of the Dungeon.
You worshipped Cheibriados.
Cheibriados was most pleased with you.
You were not hungry.
You were a venomous arachnid creature.
You visited 2 branches of the dungeon, and saw 10 of its levels.

You collected 446 gold pieces.

Inventory:

Missiles
 a - 233 arrows
Jewellery
 p - a ring of wizardry (left front leg)
Wands
 f - a wand of enslavement (9)
 s - a wand of flame (23)
Scrolls
 b - 2 scrolls of immolation {unknown}
 d - 5 scrolls of identify
 e - 2 scrolls of magic mapping {unknown}
 g - a scroll of enchant weapon {unknown}
 j - a scroll of fear {unknown}
 k - a scroll of amnesia
 l - 2 scrolls of fog
 m - 3 scrolls of enchant armour {unknown}
 n - 2 scrolls of remove curse {unknown}
Potions
 h - a potion of brilliance
 i - 3 potions of agility
 q - a potion of magic
 r - a potion of might
Comestibles
 c - 8 rations


   Skills:
 + Level 3.3 Fighting
 + Level 8.6 Dodging
 - Level 3.1 Stealth
 + Level 9.0 Unarmed Combat
 + Level 3.5 Spellcasting
 + Level 8.6 Transmutations
 - Level 3.0 Poison Magic
 + Level 0.2 Invocations
 + Level 0.4 Evocations


You had 7 spell levels left.
You knew the following spells:

 Your Spells              Type           Power        Failure   Level  Hunger
a - Beastly Appendage     Tmut           #####.       1%          1    None
b - Spider Form           Tmut/Pois      ####......   4%          3    ###....
c - Blade Hands           Tmut           #####.....   10%         5    ######.

Your spell library contained the following spells:

 Spells                   Type           Power        Failure   Level  Hunger
 Sticks to Snakes         Tmut           #####...     1%          2    ##.....
 Animate Skeleton         Necr           N/A          12%         1    None
 Apportation              Tloc           #.....       12%         1    None
 Confusing Touch          Hex            #.....       12%         1    None
 Corona                   Hex            #......      12%         1    None
 Summon Small Mammal      Summ           #...         12%         1    None
 Ensorcelled Hibernation  Hex/Ice        #.....       16%         2    ##.....
 Ice Form                 Ice/Tmut       ###.....     17%         4    ####...
 Confuse                  Hex            #.......     26%         3    ###....
 Dazzling Spray           Conj/Hex       #.....       26%         3    ###....
 Tukima's Dance           Hex            #.......     26%         3    ###....


Dungeon Overview and Level Annotations

Branches:
Dungeon (9/15)             Temple (1/1) D:5
   Lair: D:8-11         Orc: D:9-12

Altars:
Ashenzari
Cheibriados
Gozag
Hepliaklqana
Kikubaaqudgha
Makhleb
Nemelex Xobeh
Okawaru
Ru
Sif Muna
Trog
Uskayaw
Vehumet
Xom
Yredelemnul
The Shining One

Shops:
D:9 %

Annotations:
D:6 1 runed translucent door, steinardarri's ghost, novice TrMo


Innate Abilities, Weirdness & Mutations

You cannot wear most types of armour.
You are very stealthy in the water. (Stealth+)
((You are amphibious.))
You can wear up to eight rings at the same time.
((You can use your tentacles to constrict eight enemies at once.))
((Your skin changes colour to match your surroundings (Stealth+).))
((Your rubbery body absorbs attacks. (AC +1, EV +1)))
((One of your tentacles bears a spike.))
You are clumsy. (Dex -2)
You are somewhat resistant to further mutation.


Message History

You feel sick. The killer bee stings you!
A killer bee comes into view.
The killer bee stings you.
The orc priest looks encouraged for a moment.
A killer bee comes into view.
You feel sick. The killer bee stings you!
* * * LOW HITPOINT WARNING * * *
The killer bee misses you.
* * * LOW HITPOINT WARNING * * *
You feel sick. The killer bee completely misses you. The killer bee stings you.
* * * LOW HITPOINT WARNING * * *
The killer bee completely misses you.
You fade into invisibility!
The killer bee misses you. The killer bee completely misses you.
You are very lightly contaminated with residual magic.
* * * LOW HITPOINT WARNING * * *
You feel sick.
The orc priest invokes the aid of Beogh against you.
Beogh smites you!
You die...

#.# ... #.# #.##y..
#######.# #######...#.#
#.......#
....y...#.#.#####.#######
#y...)o.#.#...........#
#.#...#o..#.###.#.###.#
#.###y#.#.# #.#.# #.
#.###.# #.# # # #.s...#
#.. ####### ###
########### .......<..#
#########.# #.# #....#
####.#


You could see a killer bee (wandering), an orc priest and an orc.

Vanquished Creatures
  2 two-headed ogres
  Grum (D:8)
  4 orc warriors
  A phantom (D:7)
  2 sky beasts
  A necrophage (D:6)
  2 ice beasts
  3 ogres
  2 wolves (D:8)
  3 centaurs
  4 bullfrogs
  A water moccasin zombie (D:5)
  A wyvern skeleton (D:7)
  4 scorpions
  3 wights (D:6)
  3 howler monkeys
  2 crimson imps
  2 centaur zombies
  2 bullfrog skeletons
  6 hounds
  A jelly (D:6)
  4 orc priests
  3 gnoll shamans
  2 iguanas
  9 orc wizards
  5 worker ants
  A killer bee zombie (D:6)
  2 hound skeletons
  A howler monkey skeleton (D:4)
  2 worker ant zombies
  Robin (D:4)
  43 gnolls
  8 adders
  2 oozes
  An adder skeleton (D:6)
  3 worms
  2 dart slugs
  4 leopard geckos
  42 orcs
  7 bats
  4 giant cockroaches
  11 goblins
  11 hobgoblins
  21 jackals
  3 quokkas
  A ball python (D:2)
  7 frilled lizards
  8 kobolds
  A leopard gecko skeleton (D:2)
  18 rats
277 creatures vanquished.

Vanquished Creatures (others)
  A plant (D:6)
1 creature vanquished.

Grand Total: 278 creatures vanquished

Notes
Turn   | Place    | Note
-------+----------+-------------------------------------------
     0 | D:1      | Kold the Octopode Transmuter began the quest for the Orb.
     0 | D:1      | Reached XP level 1. HP: 13/13 MP: 3/3
   211 | D:1      | Reached skill level 1 in Stealth
   211 | D:1      | Reached XP level 2. HP: 17/18 MP: 3/5
   601 | D:1      | Reached XP level 3. HP: 21/23 MP: 4/6
   710 | D:1      | Learned a level 3 spell: Spider Form
  1327 | D:2      | Found an iron altar of Okawaru.
  1538 | D:2      | Reached XP level 4. HP: 20/28 MP: 5/7
  1820 | D:2      | Reached skill level 1 in Poison Magic
  2375 | D:3      | Found an ancient bone altar of Kikubaaqudgha.
  2608 | D:3      | Found a bloodstained altar of Trog.
  2827 | D:3      | Reached XP level 5. HP: 7/33 MP: 4/8
  3547 | D:4      | Noticed Robin
  3789 | D:4      | Killed Robin
  4056 | D:4      | Noticed an ogre
  4071 | D:4      | Killed an ogre
  4071 | D:4      | Reached skill level 4 in Unarmed Combat
  4071 | D:4      | Reached XP level 6. HP: 38/38 MP: 6/9
  4301 | D:4      | Noticed an ice beast
  4609 | D:4      | Reached XP level 7. HP: 38/43 MP: 8/10
  5100 | D:4      | Reached skill level 5 in Unarmed Combat
  6033 | D:4      | Reached skill level 5 in Transmutations
  6033 | D:4      | Reached XP level 8. HP: 48/48 MP: 8/11
  6069 | D:4      | Reached skill level 5 in Dodging
  6830 | D:4      | Found a radiant altar of Vehumet.
  7160 | D:5      | Entered Level 5 of the Dungeon
  7321 | D:5      | Reached skill level 6 in Unarmed Combat
  7940 | D:5      | Learned a level 5 spell: Blade Hands
  8265 | D:5      | Found a staircase to the Ecumenical Temple.
  8280 | Temple   | Entered the Ecumenical Temple
  8322 | Temple   | Became a worshipper of Cheibriados the Contemplative
  9157 | D:6      | Reached XP level 9. HP: 43/53 MP: 8/12
  9169 | D:6      | Found a runed translucent door.
  9200 | D:6      | Noticed steinardarri's ghost (novice TrMo)
  9229 | D:6      | Reached skill level 7 in Unarmed Combat
 10014 | D:6      | Found a glowing golden altar of the Shining One.
 10015 | D:6      | Found a basalt altar of Yredelemnul.
 10089 | D:6      | Reached * piety under Cheibriados
 10677 | D:6      | Found a bloodstained altar of Trog.
 10873 | D:6      | Found a deep blue altar of Sif Muna.
 11121 | D:6      | Noticed a profane servitor
 11129 | D:6      | Noticed an angel
 11501 | D:7      | Reached skill level 8 in Unarmed Combat
 11602 | D:7      | Found the +10 dark maul {crush}
 11700 | D:7      | Reached ** piety under Cheibriados
 12232 | D:7      | Reached XP level 10. HP: 42/57 MP: 13/13
 12684 | D:8      | Noticed Grum
 12784 | D:8      | Noticed a two-headed ogre
 12805 | D:8      | Killed a two-headed ogre
 12965 | D:8      | Killed Grum
 12980 | D:8      | HP: 3/60 [orc wizard/+0 dagger (4)]
 12981 | D:8      | Reached *** piety under Cheibriados
 13721 | D:9      | Noticed a two-headed ogre
 13733 | D:9      | Killed a two-headed ogre
 13877 | D:9      | Reached skill level 9 in Unarmed Combat
 13883 | D:9      | Found an opulent altar of Gozag.
 13917 | D:9      | Gained mutation: You are clumsy. (Dex -2) [potion of
                  | mutation]
 13917 | D:9      | Gained mutation: One of your tentacles bears a spike.
                  | [potion of mutation]
 13917 | D:9      | Gained mutation: You are somewhat resistant to further
                  | mutation. [potion of mutation]
 14189 | D:9      | Found Athael's Food Shop.
 14269 | D:9      | HP: 3/62 [killer bee (5)]
 14271 | D:9      | Killed from afar by an orc priest

Skill      XL: |  1  2  3  4  5  6  7  8  9 10 |
---------------+-------------------------------+-----
Stealth        | 1 2 3 |  3.1
Poison Magic   | 1 2 3 |  3.0
Dodging        | 3 4 6 7 8 |  8.6
Transmutations | 3 5 6 8 |  8.6
Unarmed Combat | 4 5 6 8 9 |  9.0
Fighting       | 3 |  3.3
Spellcasting   | 3 |  3.5
Invocations    | |  0.2
Evocations     | |  0.4

Action                   |  1- 3 |  4- 6 |  7- 9 | 10-12 || total
-------------------------+-------+-------+-------+-------++-------
Melee: Unarmed           |    83 |   155 |   481 |   111 ||   830
       Constrict         |    22 |    32 |    51 |     5 ||   110
       Tentacles         |     8 |    25 |    44 |     3 ||    80
       Kick              |    15 |    29 |    63 |     2 ||   109
       Punch             |     2 |     1 |    10 |     3 ||    16
 Cast: Beastly Appendage |    23 |    26 |    36 |     3 ||    88
       Spider Form       |     1 |     4 |    30 |    13 ||    48
Invok: Temporal Distorti |       |       |       |     1 ||     1
 Abil: End Transformatio |       |       |     1 |       ||     1
  Use: Scroll            |       |     2 |    14 |     1 ||    17
       Potion            |       |       |     5 |     3 ||     8
 Stab: Sleeping          |    15 |     7 |     6 |     3 ||    31
  Eat: Chunk             |     3 |    10 |    16 |     3 ||    32
       Ration            |       |       |     3 |     1 ||     4
Armor: Skin              |     3 |     7 |    13 |     5 ||    28
Dodge: Dodged            |    35 |   105 |   461 |   132 ||   733
